 Dungeon Crawl Stone Soup version 0.23-a0-712-g3a644c0 (webtiles) character file.

1058 Azzok the Firebug (level 8, 44/52 HPs)
             Began as a Demonspawn Fire Elementalist on Jan 15, 2019.
             Was a Follower of Vehumet.
             Quit the game on level 6 of the Dungeon.
             The game lasted 00:08:14 (6629 turns).

Azzok the Firebug (Demonspawn Fire Elementalist)    Turns: 6629, Time: 00:08:15

Health: 44/52      AC:  6    Str:  8    XL:     8   Next: 6%
Magic:  4/15       EV: 12    Int: 18    God:    Vehumet [*.....]
Gold:   347        SH:  7    Dex: 15    Spells: 4/16 levels left

rFire    . . .     SeeInvis .   d - +0 short sword
rCold    . . .     Gourm    .   r - +2 buckler
rNeg     . . .     Faith    .   a - +0 robe
rPois    +         Spirit   .   (helmet restricted)
rElec    .         Reflect  .   f - +2 cloak
rCorr    .         Harm     .   B - +0 pair of gloves
MR       .....                  (no boots)
Stlth    ++........             (no amulet)
HPRegen  0.17/turn              p - ring of poison resistance
MPRegen  0.14/turn              v - ring of wizardry

@: no status effects
A: horns 2, spiny 1, sturdy frame 2
a: Renounce Religion


You were on level 6 of the Dungeon.
You worshipped Vehumet.
Vehumet was aware of your devotion.
You were not hungry.

You visited 2 branches of the dungeon, and saw 7 of its levels.

You collected 347 gold pieces.

Inventory:

Hand Weapons
 d - a +0 short sword (weapon)
Armour
 a - a +0 robe (worn)
 f - a +2 cloak (worn)
 r - a +2 buckler (worn)
 B - a +0 pair of gloves (worn)
Jewellery
 p - a ring of poison resistance (left hand)
 t - an uncursed ring of protection from magic
 v - a ring of wizardry (right hand)
Wands
 k - a wand of digging (4)
 s - a wand of scattershot (6)
 A - a wand of flame (26)
Scrolls
 b - 2 scrolls of fear {unknown}
 e - 2 scrolls of noise {unknown}
 g - 3 scrolls of teleportation {unknown}
 h - 6 scrolls of identify {unknown}
 l - 4 scrolls of magic mapping {unknown}
 o - 2 scrolls of enchant weapon {unknown}
 q - a scroll of amnesia {unknown}
 u - a scroll of fog {unknown}
 y - 2 scrolls of enchant armour {unknown}
 z - a scroll of remove curse {unknown}
Potions
 i - a potion of resistance {unknown}
 j - 3 potions of brilliance {unknown}
 m - 3 potions of haste {unknown}
 n - 3 potions of curing {unknown}
 w - 3 potions of berserk rage {unknown}
 x - a potion of agility {unknown}
Comestibles
 c - 7 rations


   Skills:
 - Level 1.7 Dodging
 - Level 1.7 Stealth
 + Level 3.5 Shields
 + Level 4.8 Spellcasting
 + Level 4.8 Conjurations
 + Level 5.1 Fire Magic


You had 4 spell levels left.
You knew the following spells:

 Your Spells              Type           Power        Failure   Level  Hunger
a - Flame Tongue          Conj/Fire      ###..        1%          1    None
b - Conjure Flame         Conj/Fire      ###.....     2%          3    ###....
c - Sticky Flame          Conj/Fire      ###.....     8%          4    ####...
d - Fulminant Prism       Conj/Hex       ##........   21%         4    ####...

Your spell library contained the following spells:

 Spells                   Type           Power        Failure   Level  Hunger
 Sting                    Conj/Pois      ##..         2%          1    None
 Magic Dart               Conj           ###.         1%          1    None
 Searing Ray              Conj           ###...       1%          2    #......
 Throw Flame              Conj/Fire      ###...       1%          2    #......
 Dazzling Spray           Conj/Hex       ##....       6%          3    ###....
 Inner Flame              Hex/Fire       ##......     6%          3    ###....
 Iskenderun's Mystic Bla  Conj           ###.....     8%          4    ####...
 Force Lance              Conj/Tloc      ##......     21%         4    ####...
 Fireball                 Conj/Fire      ###.......   21%         5    ######.


Dungeon Overview and Level Annotations

Branches:
Dungeon (6/15)             Temple (1/1) D:4

Altars:
Elyvilon
Fedhas
Gozag
Hepliaklqana
Kikubaaqudgha
Nemelex Xobeh
Okawaru
Sif Muna
Trog
Uskayaw
Vehumet
Wu Jian
Yredelemnul
Zin
The Shining One

Annotations:
D:2 1 runed door
D:3 2 runed doors, Autsider's ghost, amateur DsFi


Innate Abilities, Weirdness & Mutations

You have a pair of horns on your head.
You are partially covered in sharp spines.
Your movements are less encumbered by armour. (ER -4)


Message History

Casting: Flame Tongue (safe; 1% risk of failure)
Confirm with . or Enter, or press ? or * to list all spells.
Aiming: Flame Tongue (safe; 1% risk of failure)
Press: ? - help, Shift-Dir - straight line, f/p - phantom
Aim: a phantom (almost destroyed)
The flame tongue misses the phantom.
* * * LOW MAGIC WARNING * * *
Casting: Flame Tongue (safe; 1% risk of failure)
Confirm with . or Enter, or press ? or * to list all spells.
Aiming: Flame Tongue (safe; 1% risk of failure)
Press: ? - help, Shift-Dir - straight line, f/p - phantom
Aim: a phantom (almost destroyed)
The flame tongue hits the phantom.
You destroy the phantom!
Vehumet accepts your kill.
You feel your power returning.
You have reached level 8!
You feel agile.
Your demonic ancestry asserts itself...
Sharp spines emerge from parts of your body.
Are you sure you want to abandon this character and quit the game? (Confirm with "yes".)

▒··[··· ▒······ ▒······
▒··(··· ▒·[····
▒▒▒▒▒▒▒▒▒▒▒▒····>
▒▒▒▒▒▒▒·········▒▒·····
▒················▒·····
··▒▒··@▒▒▒···▒▒··'·····
▒·▒·▒ ▒·▒·▒▒▒·▒·····
▒···▒ ▒···▒▒▒·▒·····
···▒▒▒· ·▒▒▒····▒·····
▒··▒ ·▒· ·▒··▒····· ▒·
▒·▒ ····(····· ·▒·
▒▒▒······· ▒·▒ ▒·······
▒··▒▒▒·······


There were no monsters in sight!

Vanquished Creatures
  2 phantoms (D:6)
  A centaur (D:5)
  An ogre (D:4)
  3 scorpions
  2 hounds
  2 orc priests (D:5)
  4 orc wizards (D:4)
  An iguana (D:4)
  4 worker ants
  A worker ant zombie (D:6)
  5 adders
  A howler monkey skeleton (D:6)
  An ooze (D:6)
  2 adder zombies (D:5)
  3 worms
  4 dart slugs
  7 leopard geckos
  11 orcs
  2 ball pythons
  8 bats
  5 giant cockroaches
  8 goblins
  7 hobgoblins
  6 jackals (D:3)
  5 kobolds
  6 quokkas
  A frilled lizard (D:3)
  A jackal skeleton (D:5)
  A leopard gecko skeleton (D:5)
  12 rats
117 creatures vanquished.

Notes
Turn   | Place    | Note
-------+----------+-------------------------------------------
     0 | D:1      | Azzok the Demonspawn Fire Elementalist began the quest for
                  | the Orb.
     0 | D:1      | Reached XP level 1. HP: 13/13 MP: 3/3
   299 | D:1      | Gained mutation: Your movements are slightly less
                  | encumbered by armour. (ER -2) [demonic ancestry]
   299 | D:1      | Reached XP level 2. HP: 19/19 MP: 3/5
   440 | D:1      | Reached skill level 3 in Fire Magic
   812 | D:1      | Gained mutation: You have a pair of small horns on your
                  | head. [demonic ancestry]
   812 | D:1      | Reached XP level 3. HP: 24/24 MP: 4/6
  1246 | D:2      | Noticed a scorpion
  1254 | D:1      | Killed a scorpion
  1254 | D:1      | Gained mutation: You have a pair of horns on your head.
                  | [demonic ancestry]
  1254 | D:1      | Reached XP level 4. HP: 16/30 MP: 0/8
  1833 | D:2      | Found a runed door.
  1962 | D:2      | Learned a level 3 spell: Conjure Flame
  2079 | D:3      | Found a large runed door.
  2080 | D:3      | Found a large runed door.
  2082 | D:3      | Noticed Autsider's ghost (amateur DsFi)
  2294 | D:3      | Learned a level 4 spell: Sticky Flame
  2456 | D:3      | Found a blossoming altar of Fedhas.
  2483 | D:3      | Reached XP level 5. HP: 35/35 MP: 5/9
  3107 | D:4      | Reached skill level 1 in Shields
  3387 | D:4      | Reached skill level 4 in Fire Magic
  3387 | D:4      | Reached XP level 6. HP: 41/41 MP: 6/11
  3459 | D:4      | Found a staircase to the Ecumenical Temple.
  3473 | Temple   | Entered the Ecumenical Temple
  3483 | Temple   | Became a worshipper of Vehumet
  3862 | D:3      | Found an opulent altar of Gozag.
  4176 | D:4      | Gained mutation: Your movements are less encumbered by
                  | armour. (ER -4) [demonic ancestry]
  4176 | D:4      | Reached XP level 7. HP: 40/46 MP: 6/13
  4392 | D:5      | Entered Level 5 of the Dungeon
  5053 | D:5      | Learned a level 4 spell: Fulminant Prism
  5112 | D:5      | Reached * piety under Vehumet
  5112 | D:5      | Offered knowledge of Sting by Vehumet.
  6435 | D:6      | Reached skill level 5 in Fire Magic
  6628 | D:6      | Gained mutation: You are partially covered in sharp spines.
                  | [demonic ancestry]
  6628 | D:6      | Reached XP level 8. HP: 44/52 MP: 4/15
  6629 | D:6      | Quit the game

Vault maps used:
D:1:      dpeg_arrival_stonehenge_8_columns
D:2:      first_ration, uniq_crazy_yiuf_cottage
D:3:      lemuel_upstairs_altar, ebering_ghost_disaster_area, st_stairs_12,
          fedhas_altar_1
D:4:      minmay_temple_entry_waves, minivault_23
D:6:      minmay_starry_boxes
Temple:   nicolae_temple_x_marks_the_god

Skill      XL: |  1  2  3  4  5  6  7 |
---------------+----------------------+-----
Fire Magic     | 3 4 5 |  5.1
Conjurations   | 2 3 4 |  4.8
Spellcasting   | 3 4 |  4.8
Shields        | 1 2 3 |  3.5
Dodging        | |  1.7
Stealth        | |  1.7

Action                   |  1- 3 |  4- 6 |  7- 9 || total
-------------------------+-------+-------+-------++-------
Melee: Unarmed           |     2 |       |       ||     2
       Short sword       |       |   112 |    84 ||   196
       Headbutt          |       |    11 |     6 ||    17
 Cast: Flame Tongue      |    38 |    83 |    86 ||   207
       Sticky Flame      |       |     2 |     2 ||     4
 Stab: Sleeping          |       |    10 |       ||    10
       Distracted        |       |     1 |       ||     1
  Eat: Chunk             |     1 |    10 |     8 ||    19
Armor: Robe              |    18 |    41 |    26 ||    85
Dodge: Dodged            |    27 |    73 |    58 ||   158
Block: Buckler           |       |    34 |    33 ||    67

Table legend:
 A = Non-vault XP
 B = Vault XP
 C = Vault XP percentage of total XP
 D = Non-vault monster count
 E = Vault monster count
 F = Vault count percentage of total count
                 A         B        C        D         E       F
            +---------+---------+-------+---------+---------+-------
      Total |    1506 |       6 |   0.4 |     115 |       2 |   1.7
            +---------+---------+-------+---------+---------+-------
        D:1 |     120 |       0 |   0.0 |      26 |       0 |   0.0
        D:2 |      27 |       0 |   0.0 |      13 |       0 |   0.0
        D:3 |      68 |       6 |   8.1 |      26 |       2 |   7.1
        D:4 |     523 |       0 |   0.0 |      20 |       0 |   0.0
        D:5 |     419 |       0 |   0.0 |      21 |       0 |   0.0
        D:6 |     349 |       0 |   0.0 |       9 |       0 |   0.0
            +---------+---------+-------+---------+---------+-------
